 Dungeon Crawl Stone Soup version 0.30-a0-748-ge6a52f7cba (webtiles) character file.

Game seed: 6073136443681851275

6080 Esekla the Covert (level 10, 0/106 HPs)
             Began as an Octopode Delver on Feb 8, 2023.
             Was an Initiate of Gozag.
             Succumbed to a killer bee's poison
             ... on level 8 of the Dungeon on Feb 9, 2023.
             The game lasted 00:59:13 (9493 turns).

Esekla the Covert (Octopode Delver)                 Turns: 9493, Time: 00:59:13

Health: 0/106      AC: 25    Str: 12    XL:     10   Next: 88%
Magic:  17/17      EV:  2    Int: 17    God:    Gozag
Gold:   833        SH:  0    Dex: 13    Spells: 19/19 levels left

rFire   . . .      SeeInvis .    s - +2 dagger (venom)
rCold   . . .      Faith    .    (no shield)
rNeg    + . .      Spirit   .    (helmet currently unavailable)
rPois   +          Reflect  .    m - amulet of magic regeneration
rElec   .          Harm     .    d - ring of flight
rCorr   .          Rampage  .    u - ring of positive energy
Will    .....      NoTele   +    (no ring)
Stlth   +++++                    (no ring)
HPRegen 0.37/turn                (no ring)
MPRegen 0.55/turn                (no ring)
                                 (no ring)
                                 (no ring)

@: lethally poisoned (0 -> -8), tree-form, weak-willed
A: stationary, stasis, torment immunity, boosted hp, almost no armour,
(amphibious), 8 rings, (camouflage 1), (gelatinous body 1), (nimble swimmer 1),
(tentacles)
a: Renounce Religion, Potion Petition, Call Merchant, Bribe Branch


You were on level 8 of the Dungeon.
You worshipped Gozag.
Gozag was pleased with you.
You were a tree.
You visited 2 branches of the dungeon, and saw 10 of its levels.

You collected 2117 gold pieces.
You spent 482 gold pieces at shops.
You paid 802 gold pieces to Gozag.

Inventory:

Hand Weapons
 a - a +3 scimitar of pain
 r - a +5 spear
 s - a +2 dagger of venom (weapon)
Missiles
 c - 14 boomerangs
 g - a curare-tipped dart
 p - 23 poisoned darts (quivered)
Armour
 v - a +2 hat (melded)
Jewellery
 d - a ring of flight (left branch)
 m - an amulet of magic regeneration (around neck)
 t - a ring of fire
 u - a ring of positive energy (right branch)
 D - a +6 ring of dexterity
Wands
 f - a wand of digging (8)
 E - a wand of flame (14)
 G - a wand of iceblast (7)
Scrolls
 b - 2 scrolls of fog
 i - a scroll of brand weapon {unknown}
 j - a scroll of noise
 l - 3 scrolls of magic mapping
 n - 4 scrolls of identify
 q - a scroll of amnesia
 x - a scroll of teleportation {unknown}
 y - a scroll of enchant weapon {unknown}
 A - a scroll of blinking {unknown}
 C - a scroll of summoning {unknown}
 F - a scroll of vulnerability
 I - a scroll of poison {unknown}
 J - a scroll of enchant armour
 K - a scroll of immolation {unknown}
Potions
 e - 3 potions of attraction
 k - 3 potions of might
 w - a potion of magic
 z - 2 potions of brilliance
 B - a potion of lignification
 H - a potion of berserk rage


   Skills:
 * Level 7.3 Fighting
 + Level 3.0(6.3) Short Blades
 * Level 8.8(9.1) Long Blades
 + Level 4.1 Throwing
 * Level 5.4 Dodging
 + Level 11.3 Stealth
 * Level 5.0 Spellcasting
 * Level 2.9 Necromancy


You had 19 spell levels left.
You didn't know any spells.
Your spell library contained the following spells:

 Spells                   Type           Power      Damage    Failure   Level
 Shock                    Conj/Air       16%        1d4       14%         1
 Lesser Beckoning         Tloc           8%         N/A       22%         2
 Static Discharge         Conj/Air       8%         2-3/arc   22%         2
 Gell's Gravitas          Tloc           4%         N/A       38%         3
 Swiftness                Air            4%         N/A       38%         3
 Teleport Other           Tloc           4%         N/A       38%         3
 Vhi's Electric Charge    Tloc/Air       8%         N/A       38%         3
 Airstrike                Air            2%         2d(1-17)  80%         4
 Arcjolt                  Conj/Air       2%         1d12      98%         5
 Lightning Bolt           Conj/Air       2%         1d13      98%         5
 Dispersal                Tloc           2%         N/A       100%        6


Dungeon Overview and Level Annotations

Branches:
Dungeon (9/15)             Temple (1/1) D:5
   Lair: D:8-11         Orc: D:9-12

Altars:
Ashenzari
Cheibriados
Elyvilon
Fedhas
Gozag
Hepliaklqana
Kikubaaqudgha
Makhleb
Nemelex Xobeh
Qazlal
Ru
Sif Muna
Uskayaw
Vehumet
Wu Jian
Yredelemnul
Zin
The Shining One

Shops:
D:5 (   D:7 !

Annotations:
D:4 Edmund
D:5 2 slime creatures, endoplasm
D:9 Gastronok


Innate Abilities, Weirdness & Mutations

You are a tree.
Your roots penetrate the ground, keeping you stationary.
You cannot be teleported.
You are immune to unholy pain and torment.
Your maximum health is greatly increased.
You cannot wear most types of armour.
((You are amphibious.))
You can wear up to eight rings at the same time.
((Your skin changes colour to match your surroundings (Stealth+).))
((Your rubbery body absorbs attacks. (AC +1, EV +1)))
((You are camouflaged when in or above water. (Stealth+)))
((You have tentacles for arms and can constrict up to eight enemies at once.))


Message History

* * * LOW HITPOINT WARNING * * *
You are poisoned.
The killer bee poisons you! The killer bee stings you.
* * * LOW HITPOINT WARNING * * *
You feel much better.
You feel very sick. The killer bee stings you!
* * * LOW HITPOINT WARNING * * *
You are more poisoned.
The killer bee poisons you! The killer bee stings you.
* * * LOW HITPOINT WARNING * * *
You are lethally poisoned!
The killer bee poisons you!
You feel much better.
You feel very sick. The killer bee closely misses you. x2
You feel very sick. The killer bee stings you.
You feel very sick. The killer bee stings you.
* * * LOW HITPOINT WARNING * * *
You feel very sick.
The killer bee stings you but does no damage.
There is a stone staircase leading up here.
You feel sick. The killer bee stings you!
* * * LOW HITPOINT WARNING * * *
You are lethally poisoned!
The killer bee poisons you! The killer bee misses you.
The killer bee stings you.
* * * LOW HITPOINT WARNING * * *
The killer bee misses you.
You fly upwards.
* * * LOW HITPOINT WARNING * * *
You feel very sick.
There is a stone staircase leading down here.
Really quaff the potion of lignification?
You turn into a tree.
Your +2 hat melds into your body.
Your roots penetrate the ground.
You die...
Your body crumbles into a pile of gold.

#.###.# #.# ##### #.....# ##.##
#...# ######
#####.####...####...#
#####....##### #......_......#.#
##............###.####...######.#
#..#.#.#.......>..# ##.## #.#
#.............###.# #.# #.#
#..#.#.#.)....##yy# #.# ###.#
#.............#.♣.## #.# ###...#
#..#.#)#......##...# #.###.#####
#.............###.## #.........#
#.......####### #.# #########.#
#..[......# #.# #.# #.##.####.#
##'## #.# #.##.## #.# ##...## #.#
#.#...###.# ##.....## ### #.#
#.......#.# ##.......## ##.###.#


You could see 2 killer bees.

Vanquished Creatures
  A two-headed ogre (D:8)
  A troll (D:7)
  Grinder (D:4)
  A wraith (D:8)
  7 yaks
  Grum (D:8)
  An orc warrior (D:8)
  4 ice beasts
  A sky beast (D:7)
  An ogre (D:4)
  A black bear (D:4)
  2 wolves (D:8)
  2 centaurs
  5 kobold brigands
  7 bullfrogs
  3 scorpions
  12 wights
  9 killer bees (D:7)
  2 jellies
  A crimson imp (D:7)
  3 hounds
  4 orc priests
  A gnoll bouda (D:4)
  5 iguanas
  2 orc wizards (D:7)
  Robin (D:2)
  3 gnolls (D:4)
  7 adders
  3 shadow imps
  A white imp (D:7)
  An ufetubus (D:4)
  3 worms
  4 dart slugs
  32 orcs
  6 ball pythons
  3 bats
  11 endoplasms
  5 giant cockroaches
  7 goblins
  16 hobgoblins
  5 jackals (D:4)
  26 kobolds
  4 quokkas
  2 frilled lizards
  4 rats
  A spectral orc (D:3)
  A butterfly (D:5)
224 creatures vanquished.

Vanquished Creatures (others)
  8 fungi
  16 plants
  8 toadstools (D:5)
32 creatures vanquished.

Grand Total: 256 creatures vanquished

Notes
Turn   | Place    | Note
-------+----------+-------------------------------------------
     0 | D:5      | Esekla the Octopode Delver began the quest for the Orb.
     0 | D:5      | Reached XP level 1. HP: 16/16 MP: 1/1
    42 | D:5      | Noticed an iguana
    56 | D:5      | Noticed an iguana
    66 | D:5      | Found a staircase to the Ecumenical Temple.
    71 | Temple   | Entered the Ecumenical Temple
   107 | Temple   | Became a worshipper of Gozag Ym Sagoz the Greedy
   159 | D:5      | Noticed a scorpion
   177 | D:4      | Noticed a gnoll bouda
   184 | D:4      | Noticed Grinder
   300 | D:2      | Reached XP level 2. HP: 20/21 MP: 2/2
   379 | D:2      | Reached skill level 7 in Stealth
   419 | D:2      | Noticed Robin
   422 | D:2      | Reached XP level 3. HP: 19/26 MP: 3/3
   463 | D:2      | Killed Robin
   554 | D:2      | Found a radiant altar of Vehumet.
   823 | D:1      | Reached XP level 4. HP: 31/31 MP: 5/5
  1752 | D:2      | Found a faded altar of an unknown god.
  2166 | D:3      | Noticed a centaur
  2169 | D:3      | Reached skill level 8 in Stealth
  2169 | D:3      | Reached skill level 1 in Spellcasting
  2169 | D:3      | Reached XP level 5. HP: 11/36 MP: 6/6
  2655 | D:4      | Reached XP level 6. HP: 43/43 MP: 8/8
  2689 | D:4      | Found a white marble altar of Elyvilon.
  2789 | D:4      | Noticed a black bear
  2833 | D:4      | Killed a black bear
  2834 | D:4      | Reached skill level 1 in Throwing
  2834 | D:4      | Reached XP level 7. HP: 35/48 MP: 8/10
  2880 | D:4      | Noticed Edmund
  3141 | D:5      | Noticed a slime creature
  3141 | D:5      | Noticed a slime creature
  3354 | D:4      | Reached skill level 1 in Short Blades
  3460 | D:4      | Paralysed by Grinder for 4 turns
  3518 | D:4      | Killed Grinder
  3519 | D:4      | Reached XP level 8. HP: 25/54 MP: 10/12
  4137 | D:5      | Reached skill level 9 in Stealth
  4273 | D:5      | Reached skill level 5 in Long Blades
  4632 | D:5      | Bought a runed scimitar for 196 gold pieces
  4771 | D:3      | Found a basalt altar of Yredelemnul.
  5110 | D:6      | Reached skill level 5 in Fighting
  5235 | D:6      | Reached XP level 9. HP: 12/61 MP: 12/14
  6359 | D:7      | Found a sparkling altar of Nemelex Xobeh.
  6371 | D:7      | Reached skill level 1 in Necromancy
  6540 | D:7      | Found Quamet's Distillery.
  6559 | D:7      | Bought a potion of lignification for 39 gold pieces
  6559 | D:7      | Bought a potion of might for 52 gold pieces
  6559 | D:7      | Bought a potion of berserk rage for 65 gold pieces
  6559 | D:7      | Bought a potion of heal wounds for 65 gold pieces
  6559 | D:7      | Bought a potion of heal wounds for 65 gold pieces
  6560 | D:7      | Found a glowing silver altar of Zin.
  6846 | D:7      | Noticed a troll
  7330 | D:7      | Reached skill level 10 in Stealth
  7386 | D:7      | Killed a troll
  7556 | D:7      | Reached XP level 10. HP: 45/69 MP: 16/16
  7825 | D:8      | Found a sacrificial altar of Ru.
  8075 | D:8      | Reached skill level 5 in Dodging
  8299 | D:8      | Noticed a two-headed ogre
  8329 | D:8      | Killed a two-headed ogre
  8896 | D:8      | Reached skill level 5 in Spellcasting
  8990 | D:8      | Noticed Grum
  8995 | D:8      | Killed Grum
  9326 | D:9      | Noticed Gastronok
  9336 | D:9      | Reached skill level 11 in Stealth
  9451 | D:9      | Noticed a boulder beetle
  9475 | D:9      | Noticed a two-headed ogre
  9492 | D:8      | HP: 1/71 [poisoned by a killer bee]
  9493 | D:8      | Succumbed to a killer bee's poison

Illustrated notes

Levels and vault maps discovered:
D:1:      psy_arrival_radial02, layout_basic, interstate_on_off,
          minmay_quantized
D:2:      layout_rooms, shapermc_ecumenical_altar_mp_ritualfount,
          kennysheep_big_empty_room, minmay_hexomino_r4, uniq_robin
D:3:      layout_rooms, yredelemnul_forgotten_temple_becter
D:4:      layout_basic, nicolae_elyvilon_temple_path, uniq_edmund, uniq_grinder
D:5:      cheibrodos_fertilizer, layout_rooms, minmay_temple_entry_butterflies,
          chequers_avenue
D:6:      layout_loops_cross, minmay_checkerbox
D:7:      layout_gridville, nemelex_diamond_rough_becter,
          mainiacjoe_overflow_alcove_1, serial_shops, shop_coins,
          minmay_misc_feat_rows, minmay_fire_ice_demons
D:8:      layout_loops_corners, nicolae_overflow_crystal_walls, serial_glass,
          glass_columns_b, glass_columns_b, uniq_grum
D:9:      layout_rooms, lightli_bailey_entry_fortress, serial_curves,
          eino_curves_02, eino_curves_04, eino_curves_03, minivault_19,
          grunt_ministairs_8, nzn_sisyphean_effort, uniq_gastronok
Temple:   compressed_dpeg_triangle_lava_temple

Skill      XL: |  1  2  3  4  5  6  7  8  9 10 |
---------------+-------------------------------+-----
Stealth        | 7 8 9 10 11 | 11.3
Spellcasting   | 1 2 3 4 5 |  5.0
Long Blades    | 3 4 6 7 8 |  8.8
Fighting       | 4 5 6 7 |  7.3
Throwing       | 1 2 3 4 |  4.1
Dodging        | 3 4 5 |  5.4
Short Blades   | 1 2 3 |  3.0
Necromancy     | 1 2 |  2.9

Action                     |  1- 3 |  4- 6 |  7- 9 | 10-12 || total
---------------------------+-------+-------+-------+-------++-------
  Melee: Falchion          |    26 |    67 |    49 |       ||   142
         Constrict         |    11 |    21 |    47 |    13 ||    92
         Tentacles         |     8 |    20 |    56 |    29 ||   113
         Dagger            |    12 |    20 |    71 |    23 ||   126
         Punch             |       |     2 |     5 |     1 ||     8
         Scimitar          |       |       |   138 |    89 ||   227
  Throw: Boomerang         |     6 |    10 |    25 |     7 ||    48
         Dart              |       |    22 |    10 |    29 ||    61
 Invoke: Call Merchant     |       |       |     1 |       ||     1
  Evoke: Wand              |       |       |       |     1 ||     1
    Use: Scroll            |     2 |     2 |     4 |     4 ||    12
         Potion            |     1 |     1 |     3 |     5 ||    10
   Stab: Sleeping          |    13 |    15 |    19 |     8 ||    55
         Distracted        |       |     1 |     1 |       ||     2
 Armour: Skin              |     2 |     7 |    24 |     9 ||    42
  Dodge: Dodged            |    10 |    33 |   155 |    64 ||   262

Table legend: (Time is in decaauts)
 A = Elapsed time spent in this place.
 B = Non-inter-level travel time spent in this place.
 C = Inter-level travel time spent in this place.
 D = Time resting spent in this place.
 E = Time spent auto-exploring this place.
 F = Levels seen in this place.
 G = Mean time per level.
                   A        B        C        D        E       F      G
               +--------+--------+--------+--------+--------+-----+--------+
         Total |   9463 |   9135 |    328 |   2168 |   1810 |  10 |  946.3 |
       Dungeon |   9413 |   9098 |    315 |   2168 |   1810 |   9 | 1045.9 |
        Temple |     49 |     36 |     13 |      0 |      0 |   1 |   49.0 |
               +--------+--------+--------+--------+--------+-----+--------+

Top non-repeatable levels by time:
     D:7: 1467 daAuts
     D:8: 1456 daAuts
     D:6: 1277 daAuts
     D:5: 1190 daAuts
     D:4: 1078 daAuts
     D:2: 1013 daAuts
     D:3: 915 daAuts
     D:1: 819 daAuts
     D:9: 194 daAuts
  Temple: 49 daAuts
